 Dungeon Sprint DCSS version 0.19-b1-3-g7dea586 (webtiles) character file.

103 tyranidshit the Fighter (level 4, -5/57 HPs)
             Began as a Troll Berserker on Oct 29, 2016.
             Was an Elder of Trog.
             Slain by a hill giant
             ... wielding a +0 giant club
              (35 damage)
             ... in the Dungeon (Sprint IX: "|||||||||||||||||||||||||||||").
             The game lasted 00:01:29 (133 turns).

tyranidshit the Fighter (Troll Berserker)            Turns: 133, Time: 00:01:30

Health: -5/57      AC:  5    Str: 26    XL:     4   Next: 51%
Magic:  3/3        EV: 10    Int: 12    God:    Trog [****..]
Gold:   0          SH:  0    Dex: 12    Spells: 0 memorised, 3 levels left

rFire  . . .     SeeInvis .     o - +1 broad axe "Ydeineps" {drain, +Rage Int+6 Stlth+}
rCold  . . .     Gourm    +     b - +0 animal skin
rNeg   . . .     Faith    .     (no shield)
rPois  .         Spirit   .     (helmet restricted)
rElec  .         Reflect  .     (no cloak)
rCorr  .         Harm     .     (gloves unavailable)
MR     .....     NoTele   +     (boots unavailable)
Stlth  ++........               (no amulet)
                                t - +3 ring of intelligence
                                s - +3 ring of dexterity

@: very slightly contaminated, hasted, very quick
A: unfitting armour, claws 3, fast metabolism 3, gourmand, regeneration 1,
shaggy fur 1, tough skin 2
a: Berserk, Trog's Hand, Brothers in Arms, Burn Spellbooks, Renounce Religion,
Evoke Berserk Rage


You were in the Dungeon.
You worshipped Trog.
Trog was greatly pleased with you.
You were not hungry.

You visited 1 branch

Inventory:

Hand Weapons
 a - a +0 hand axe
 o - the +1 broad axe "Ydeineps" (weapon) {drain, +Rage Int+6 Stlth+}
   (You found it in the Dungeon)

   A truly terrible weapon, it drains the life of those it strikes.
   It affects your intelligence (+6).
   It lets you go berserk.
   It makes you more stealthy.
Armour
 b - a +0 animal skin (worn)
 p - a +0 pair of gloves
 q - a +0 helmet
 r - a +1 chain mail
Magical Staves
 n - an uncursed staff of energy
Jewellery
 s - a +3 ring of dexterity (left claw)
 t - a +3 ring of intelligence (right claw)
Wands
 m - a wand of lightning (7/15)
Scrolls
 i - 2 scrolls of blinking
 k - 3 scrolls of remove curse
 l - 2 scrolls of amnesia
Potions
 d - 5 potions of curing
 e - 3 potions of heal wounds
 g - 4 potions of magic
 h - a potion of berserk rage
 j - a potion of invisibility
Comestibles
 c - 2 bread rations


   Skills:
 + Level 8.0 Fighting
 - Level 2.4 Axes
 - Level 2.4 Dodging


You had 3 spell levels left.
You didn't know any spells.

Dungeon Overview and Level Annotations

Branches:
Dungeon (1/1)

Altars:
Cheibriados
Dithmenos
Elyvilon
Fedhas
Gozag
Hepliaklqana
Kikubaaqudgha
Makhleb
Nemelex Xobeh
Okawaru
Qazlal
Ru
Sif Muna
Trog
Uskayaw
Vehumet
Xom
Yredelemnul
Zin
The Shining One
Beogh
Jiyva
Lugonu


Innate Abilities, Weirdness & Mutations

You are too large for most types of armour.
You have claws for hands.
Your metabolism is lightning-fast.
You like to eat raw meat.
Your natural rate of healing is unusually fast.
You are covered in fur. (AC +1)
You have very tough skin. (AC +2)


Message History

Your Fighting skill increases to level 8!
The crimson imp blinks!
You see here a quokka corpse.
You barely miss the hill giant. The hill giant barely misses you.
You slash the hill giant!
The hill giant is lightly wounded.
The crimson imp blinks!
The hill giant closely misses you.
You hit the hill giant.
The hill giant is moderately wounded.
You slash the hill giant!
The hill giant is moderately wounded.
The hill giant hits you with a giant club!!
You slash the hill giant!
The hill giant is severely wounded.
The hill giant barely misses you.
The crimson imp blinks!
You slash the hill giant!
The hill giant is severely wounded.
The hill giant hits you with a giant club!!
Ouch! That really hurt!
You die...

▓.▓
▓)▓
▓.▓
▓.▓
▓.▓
▓.▓
▓.▓
▓'▓
▓@▓
▓C▓
▓z▓
▓Z▓
▓r▓
▓5▓
▓+▓


You could see a hill giant, a wight, a crimson imp, an adder zombie and a
quokka.

Vanquished Creatures
  A phantom (D)
  An adder (D)
  An adder skeleton (D)
  An orc (D)
  A goblin (D)
  A hobgoblin (D)
  A jackal (D)
  A quokka (D)
  A frilled lizard (D)
  2 rats (D)
11 creatures vanquished.

Notes
Turn   | Place    | Note
-------+----------+-------------------------------------------
     0 | D        | tyranidshit the Troll Berserker began the quest for the Orb.
     0 | D        | Reached XP level 1. HP: 22/22 MP: 0/0
     5 | D        | Reached skill level 3 in Fighting
    11 | D        | Reached ** piety under Trog
    22 | D        | Noticed a phantom
    26 | D        | Reached skill level 4 in Fighting
    26 | D        | Reached XP level 2. HP: 33/33 MP: 1/1
    28 | D        | Reached *** piety under Trog
    33 | D        | Reached skill level 5 in Fighting
    64 | D        | Killed a phantom
    64 | D        | Reached skill level 7 in Fighting
    64 | D        | Reached XP level 3. HP: 13/48 MP: 2/2
    64 | D        | Reached XP level 4. HP: 15/57 MP: 3/3
    71 | D        | Found a roughly hewn altar of Beogh.
    71 | D        | Found a snail-covered altar of Cheibriados.
    71 | D        | Found a shadowy altar of Dithmenos.
    71 | D        | Found a white marble altar of Elyvilon.
    71 | D        | Found a blossoming altar of Fedhas.
    71 | D        | Found an opulent altar of Gozag.
    72 | D        | Found a hazy altar of Hepliaklqana.
    73 | D        | Found a viscous altar of Jiyva.
    74 | D        | Found an ancient bone altar of Kikubaaqudgha.
    75 | D        | Found a corrupted altar of Lugonu.
    76 | D        | Found a burning altar of Makhleb.
    77 | D        | Found a sparkling altar of Nemelex Xobeh.
    78 | D        | Found an iron altar of Okawaru.
    79 | D        | Found a stormy altar of Qazlal.
    80 | D        | Found a sacrificial altar of Ru.
    81 | D        | Found a deep blue altar of Sif Muna.
    82 | D        | Found a bloodstained altar of Trog.
    83 | D        | Found a hide-covered altar of Uskayaw.
    84 | D        | Found a radiant altar of Vehumet.
    85 | D        | Found a shimmering altar of Xom.
    86 | D        | Found a basalt altar of Yredelemnul.
    87 | D        | Found a glowing silver altar of Zin.
    88 | D        | Found a glowing golden altar of the Shining One.
   108 | D        | Got the +1 broad axe "Ydeineps" {drain, +Rage Int+6 Stlth+}
   122 | D        | Noticed a hill giant
   126 | D        | Reached **** piety under Trog
   126 | D        | Reached skill level 8 in Fighting
   133 | D        | Slain by a hill giant

Skill      XL: |  1  2  3  4 |
---------------+-------------+-----
Fighting       | 4 7 8 |  8.0
Axes           | |  2.4
Dodging        | |  2.4

Action                   |  1- 3 |  4- 6 || total
-------------------------+-------+-------++-------
Melee: Hand axe          |    37 |       ||    37
       Broad axe         |       |     8 ||     8
Invok: Berserk           |     1 |       ||     1
  Use: Potion            |       |     1 ||     1
Armor: Animal skin       |     6 |     1 ||     7
Dodge: Dodged            |    10 |     4 ||    14
